 Dungeon Crawl Stone Soup version 0.22-a0-614-g34fbaa0 (webtiles) character file.

193 Lianjan the Skirmisher (level 5, -6/43 HPs)
             Began as a Barachi Fighter on July 13, 2018.
             Was an Initiate of Okawaru.
             Killed by divine providence
             ... invoked by an orc priest
              (12 damage)
             ... on level 5 of the Dungeon.
             The game lasted 00:05:02 (2996 turns).

Lianjan the Skirmisher (Barachi Fighter)            Turns: 2996, Time: 00:05:03

Health: -6/43      AC:  8    Str: 18    XL:     5   Next: 72%
Magic:  5/5        EV:  9    Int:  9    God:    Okawaru [......]
Gold:   169        SH:  0    Dex: 11    Spells: 4/4 levels left

rFire    . . .     SeeInvis .   a - +0 war axe
rCold    . . .     Gourm    .   (no shield)
rNeg     . . .     Faith    .   w - +0 scale mail
rPois    .         Spirit   .   (no helmet)
rElec    .         Reflect  .   s - +0 cloak
rCorr    .         Harm     .   (no gloves)
MR       .....                  (no boots)
Stlth    ..........             (no amulet)
HPRegen  0.14/turn              (no ring)
MPRegen  0.09/turn              (no ring)

@: slow
A: +LOS, swims, slowness 1, strong legs 1
a: Hop, Renounce Religion


You were on level 5 of the Dungeon.
You worshipped Okawaru.
Okawaru was noncommittal.
You were not hungry.

You visited 1 branch of the dungeon, and saw 4 of its levels.

You collected 169 gold pieces.

Inventory:

Hand Weapons
 a - a +0 war axe (weapon)
 b - a +0 hunting sling
 c - a +0 battleaxe
Missiles
 n - 146 stones
 r - a throwing net (quivered)
Armour
 s - a +0 cloak (worn)
 w - a +0 scale mail (worn)
Jewellery
 h - an uncursed ring of positive energy {unknown}
 q - a +2 ring of strength {unknown}
Scrolls
 e - 4 scrolls of identify {unknown}
 m - 4 scrolls of teleportation {unknown}
 o - 2 scrolls of amnesia {unknown}
 t - 2 scrolls of remove curse {unknown}
Potions
 d - a potion of might
 g - a potion of flight {unknown}
 i - a potion of mutation {unknown}
 j - a potion of heal wounds {unknown}
 k - a potion of resistance {unknown}
 l - 4 potions of curing {unknown}
 p - a potion of experience {unknown}
 u - a potion of agility {unknown}
 x - a potion of degeneration {unknown}
Comestibles
 f - 6 rations
 v - 7 chunks of flesh


   Skills:
 + Level 4.9 Fighting
 * Level 4.8 Axes
 - Level 4.1 Armour
   Level 3.8 Shields


You had 4 spell levels left.
You didn't know any spells.
Your spell library was empty.

Dungeon Overview and Level Annotations

Branches:
Dungeon (3/15)

Altars:
Okawaru


Innate Abilities, Weirdness & Mutations

Shadows flee at your approach. (+LOS)
You can swim through water.
You cover ground slowly.
You can hop short distances.


Message History

The centaur skeleton hits you but does no damage.
You closely miss the orc priest. You hit the orc priest.
You hit the centaur skeleton. The centaur skeleton barely misses you.
The orc priest calls down the wrath of Beogh upon you.
Pain shoots through your body! The centaur skeleton barely misses you.
The orc priest mumbles some strange prayers to Beogh against you.
Pain shoots through your body!
* * * LOW HITPOINT WARNING * * *
The orc priest closely misses you.
You slash the orc priest!
The orc priest is severely wounded.
You slash the orc!
You kill the orc!
Okawaru accepts your kill.
You slash the centaur skeleton!
You hit the orc priest but do no damage.
The centaur skeleton barely misses you.
The orc priest mumbles some strange prayers to Beogh against you.
Beogh smites you!
You die...

###########
..........#####
%..?..........#
..........(...#
..............#
..............#
..............#
..............##########
..............Z@).......
.........).....oo.......
#.#.........>..#######..
# #............#
#..............
##..######.#.##. ...
#.... #...> ......


You could see 2 orc priests and a centaur skeleton.

Vanquished Creatures
  A crimson imp (D:5)
  Crazy Yiuf (D:3)
  Terence (D:3)
  An adder (D:3)
  2 gnolls (D:2)
  An ooze (D:2)
  2 worms (D:3)
  3 dart slugs (D:1)
  A leopard gecko (D:2)
  5 orcs
  2 giant cockroaches
  7 goblins
  5 hobgoblins (D:1)
  4 jackals (D:3)
  5 bats
  9 kobolds
  6 rats (D:1)
56 creatures vanquished.

Notes
Turn   | Place    | Note
-------+----------+-------------------------------------------
     0 | D:1      | Lianjan the Barachi Fighter began the quest for the Orb.
     0 | D:1      | Reached XP level 1. HP: 18/18 MP: 1/1
   113 | D:1      | Reached XP level 2. HP: 25/25 MP: 2/2
   796 | D:1      | Reached XP level 3. HP: 30/30 MP: 3/3
  1261 | D:2      | Reached XP level 4. HP: 6/37 MP: 4/4
  1685 | D:2      | Found an iron altar of Okawaru.
  1876 | D:2      | Became a worshipper of Warmaster Okawaru
  2542 | D:3      | Found a faded altar of an unknown god.
  2544 | D:3      | Noticed Terence
  2550 | D:3      | Killed Terence
  2892 | D:3      | Found a runed door.
  2896 | D:3      | Noticed Crazy Yiuf
  2902 | D:3      | Killed Crazy Yiuf
  2902 | D:3      | Reached XP level 5. HP: 43/43 MP: 5/5
  2981 | D:3      | You fall through a shaft for 2 floors!
  2981 | D:5      | Entered Level 5 of the Dungeon
  2996 | D:5      | Killed from afar by an orc priest

Vault maps used:
D:1:      elethiomel_arrival_diamonds, interstate_on_off
D:2:      lemuel_coloured_pillars_altar, minmay_box_of_dots
D:3:      lemuel_upstairs_altar, chequers_ecumenical_altar_island,
          kennysheep_generic_room_12, uniq_crazy_yiuf_cottage, uniq_terence
D:5:      lemuel_round_altar, first_ration, serial_shops, kennysheep_mini,
          grunt_tough_drop

Skill      XL: |  1  2  3  4 |
---------------+-------------+-----
Fighting       | 4 |  4.9
Armour         | 4 |  4.1
Axes           | 3 4 |  4.8
Shields        | |  3.8

Action                   |  1- 3 |  4- 6 || total
-------------------------+-------+-------++-------
Melee: War axe           |   119 |    68 ||   187
Throw: Throwing net      |       |     1 ||     1
  Eat: Chunk             |     2 |     6 ||     8
Armor: Scale mail        |    71 |    41 ||   112
Dodge: Dodged            |    45 |    36 ||    81
Block: Shield            |    63 |     5 ||    68

Table legend:
 A = Spawn XP
 B = Non-spawn XP
 C = Spawn XP percentage of total XP
 D = Spawn monster count
 E = Non-spawn monster count
 F = Spawn count percentage of total count
 G = Total turns spent on level
                    A         B        C        D         E        F      G
               +---------+---------+-------+---------+---------+-------+---------
         Total |       0 |     277 |   0.0 |       0 |      56 |   0.0 |  2996
               +---------+---------+-------+---------+---------+-------+---------
           D:1 |       0 |      45 |   0.0 |       0 |      26 |   0.0 |  1105
           D:2 |       0 |      46 |   0.0 |       0 |       9 |   0.0 |  1234
           D:3 |       0 |     130 |   0.0 |       0 |      18 |   0.0 |   642
           D:5 |       0 |      56 |   0.0 |       0 |       3 |   0.0 |    15
               +---------+---------+-------+---------+---------+-------+---------
